 Dungeon Crawl Stone Soup version 0.17-a0-1840-g87820a2 (webtiles) character file.

1091 nubinia the Firebug (level 8, 15/43 HPs)
             Began as a Tengu Fire Elementalist on Sept 15, 2015.
             Was an Initiate of Vehumet.
             Quit the game in the Ecumenical Temple on Sept 16, 2015.
             The game lasted 00:46:49 (9753 turns).

nubinia the Firebug (Tengu Fire Elementalist)       Turns: 9753, Time: 00:46:49

Health: 15/43      AC:  3    Str:  9    XL:     8   Next: 31%
Magic:  16/16      EV: 17    Int: 18    God:    Vehumet [......]
Gold:   233        SH:  0    Dex: 14    Spells: 4 memorised, 6 levels left

rFire  . . .     SeeInvis .     y - +2 scimitar (freeze)
rCold  . . .     Clarity  .     d - +0 robe
rNeg   . . .     SustAt   .     (no shield)
rPois  .         Gourm    .     (helmet restricted)
rElec  .         Spirit   .     o - +0 cloak
rCorr  .         Warding  .     (no gloves)
rMut   .         Stasis   .     (boots unavailable)
MR     .....                    (no amulet)
Stlth  +++.......               n - +3 ring of evasion
                                s - ring of wizardry

@: lethally poisoned (15 -> -6), very slightly contaminated, hasted, very quick,
not resistant to hostile enchantments, fairly stealthy
A: beak, talons 3, able to fly 1
a: Fly, Renounce Religion


You were in the Ecumenical Temple.
You worshipped Vehumet.
Vehumet was noncommittal.
You were very hungry.

You visited 2 branches of the dungeon, and saw 7 of its levels.

You collected 233 gold pieces.

Inventory:

Hand weapons
 a - a +4 dagger of flaming
 h - a +0 short sword of holy wrath
 y - a +2 scimitar of freezing (weapon)
Armour
 d - a +0 robe (worn)
 o - a +0 cloak (worn)
Jewellery
 n - a +3 ring of evasion (right hand)
 s - a ring of wizardry (left hand)
Scrolls
 e - 3 scrolls of teleportation
 f - 2 scrolls of fog {unknown}
 g - 2 scrolls of enchant weapon
 i - a scroll of amnesia
 l - 2 scrolls of recharging
 m - a scroll of fear {unknown}
 p - a scroll of noise {unknown}
 t - 3 scrolls of remove curse
 u - a scroll of magic mapping {unknown}
Potions
 j - a potion of lignification
 k - a potion of brilliance
Books
 b - a book of Flames

   Spells                             Type                      Level
   a - Flame Tongue                   Conjuration/Fire             1
   b - Throw Flame                    Conjuration/Fire             2
   c - Conjure Flame                  Conjuration/Fire             3
   d - Inner Flame                    Hexes/Fire                   3
   e - Sticky Flame                   Conjuration/Fire             4
   f - Fireball                       Conjuration/Fire             5
Comestibles
 c - 8 bread rations
 q - a slice of pizza
 r - 3 meat rations
 x - a beef jerky


   Skills:
 + Level 1.0 Fighting
 + Level 1.3 Short Blades
 + Level 4.8 Dodging
 + Level 4.2 Stealth
 + Level 4.6 Spellcasting
 + Level 4.9 Conjurations
 + Level 6.0 Fire Magic


You had 6 spell levels left.
You knew the following spells:

 Your Spells              Type           Power        Failure   Level  Hunger
a - Flame Tongue          Conj/Fire      ###..        1%          1    None
b - Throw Flame           Conj/Fire      ###...       1%          2    #......
c - Conjure Flame         Conj/Fire      ###.....     1%          3    ###....
d - Sticky Flame          Conj/Fire      ###.....     7%          4    ####...


Dungeon Overview and Level Annotations

Branches:
Dungeon (6/15)             Temple (1/1) D:5

Altars:
Ashenzari
Cheibriados
Dithmenos
Elyvilon
Fedhas
Gozag
Kikubaaqudgha
Makhleb
Nemelex Xobeh
Okawaru
Qazlal
Sif Muna
Trog
Vehumet
Xom
Yredelemnul
Zin
The Shining One

Annotations:
D:3 Medved's ghost, average DgAE
D:4 WhatIsLove's ghost, experienced TrTm
D:6 exclusion: deep elf mage, Loris's ghost, experienced NaTm


Innate Abilities, Weirdness & Mutations

You have a beak for a mouth.
You have claws for feet.
You can fly.


Message History

You start resting.
HP restored.
You climb upwards.
Welcome back to the Dungeon!
The centaur shoots a poisoned arrow.
The poisoned arrow hits you!
You are poisoned.
The centaur shoots a poisoned arrow.
The poisoned arrow closely misses you.
There is a staircase to the Ecumenical Temple here.
You see here 4 poisoned arrows.
You feel sick.
The centaur shoots a poisoned arrow.
The poisoned arrow hits you!
You are lethally poisoned!
You climb downwards.
Welcome to the Ecumenical Temple!
You feel very sick.
There is a staircase back to the Dungeon, spattered with blood here.
Drink which item? (? for menu, Esc to quit)
It was a potion of haste.
You feel yourself speed up.
You feel sick.
You are very lightly contaminated with residual magic.
Drink which item? (? for menu, Esc to quit)
It was a potion of cure mutation.
It has a very clean taste.
You feel sick.
Are you sure you want to abandon this character and quit the game? (Confirm with "yes".)

.......♣♣♣
..P.P....♣♣♣♣♣♣♣
P..............♣♣
...........P....♣
..♣..PP.....P..♣♣♣♣
..................♣♣♣
.............P.P....♣♣
.......♣♣♣...........♣♣
........♣...PP..@.P♣..♣
...♣..P.P...P..P......♣
..P.................♣♣♣
...PPPP........♣♣♣♣♣♣
♣♣♣♣PPPP....♣♣♣♣
♣♣♣♣♣♣♣♣♣♣


There were no monsters in sight!

Vanquished Creatures
  A phantom (D:5)
  2 ogres
  An orc warrior (D:5)
  A necrophage (D:5)
  A giant frog (D:5)
  A crimson imp (Temple)
  3 orc priests
  A hound (D:4)
  2 iguanas
  A worker ant (D:4)
  A hound skeleton (D:4)
  11 adders
  4 gnolls (D:3)
  A shadow imp (D:5)
  An ooze (D:1)
  6 worms
  8 giant geckos
  34 orcs
  10 bats
  9 giant cockroaches
  10 hobgoblins
  14 jackals
  7 kobolds
  A ball python (D:2)
  9 giant newts
  16 goblins
  3 quokkas
  6 rats
165 creatures vanquished.

Notes
Turn   | Place    | Note
--------------------------------------------------------------
     0 | D:1      | nubinia the Tengu Fire Elementalist began the quest for the Orb.
     0 | D:1      | Reached XP level 1. HP: 10/10 MP: 4/4
     0 | D:1      | You fall through a shaft!
   277 | D:2      | Reached XP level 2. HP: 13/15 MP: 3/6
   734 | D:1      | Learned a level 2 spell: Throw Flame
   736 | D:1      | Reached skill level 4 in Fire Magic
   826 | D:1      | Reached XP level 3. HP: 19/19 MP: 5/7
  2011 | D:2      | Reached XP level 4. HP: 24/24 MP: 3/8
  2874 | D:3      | Upgraded the game from 0.17-a0-1838-g891d947 to 0.17-a0-1840-g87820a2
  3081 | D:3      | Gained mutation: You can fly. [Tengu growth]
  3081 | D:3      | Reached XP level 5. HP: 25/28 MP: 5/10
  3530 | D:3      | Noticed Medved's ghost (average DgAE)
  3618 | D:3      | Learned a level 3 spell: Conjure Flame
  3807 | D:3      | HP: 1/28 [Medved's ghost/zap (9)]
  4636 | D:3      | Noticed an ogre
  4678 | D:3      | Reached XP level 6. HP: 5/32 MP: 9/12
  5224 | D:4      | Learned a level 4 spell: Sticky Flame
  5256 | D:4      | Reached skill level 5 in Fire Magic
  5527 | D:4      | Noticed WhatIsLove's ghost (experienced TrTm)
  6409 | D:3      | Killed an ogre
  6409 | D:3      | Reached skill level 1 in Short Blades
  6703 | D:3      | Reached XP level 7. HP: 28/37 MP: 4/13
  7181 | D:5      | Entered Level 5 of the Dungeon
  7807 | D:6      | Noticed a deep elf mage
  7853 | D:6      | Noticed Loris's ghost (experienced NaTm)
  8343 | D:5      | Found a staircase to the Ecumenical Temple.
  8349 | Temple   | Entered the Ecumenical Temple
  8495 | Temple   | Became a worshipper of Vehumet
  8871 | D:4      | Reached XP level 8. HP: 42/42 MP: 12/15
  8968 | D:5      | Reached skill level 1 in Fighting
  9318 | D:5      | Reached skill level 6 in Fire Magic
  9753 | Temple   | Quit the game

Vault maps used:
D:1:      lemuel_arrival_funnel
D:2:      minmay_misc_feat_five
D:3:      first_bread, minmay_ogre_servants
D:4:      kennysheep_six_static_rooms
D:5:      minmay_temple_entry_fiery
D:6:      kennysheep_housing_project
Temple:   kilobyte_greek_temple_18

Action                   |  1- 3 |  4- 6 |  7- 9 || total
-------------------------+-------+-------+-------++-------
Melee: Dagger            |    36 |    90 |    47 ||   173
       Scimitar          |       |       |     6 ||     6
 Cast: Flame Tongue      |    45 |   106 |    76 ||   227
       Throw Flame       |     4 |    27 |    39 ||    70
       Conjure Flame     |       |     2 |     3 ||     5
  Use: Scroll            |     3 |     4 |       ||     7
       Potion            |       |       |     2 ||     2
 Stab: Sleeping          |     3 |     7 |     2 ||    12
  Eat: Chunk             |     3 |    17 |    10 ||    30
